 Dungeon Crawl Stone Soup version 0.30-a0-757-ga6a79fd877 (webtiles) character file.

Game seed: 13323137011665541938

59349 Nero4983 the Impaler (level 14, -1/181 HPs)
             Began as a Minotaur Berserker on Feb 9, 2023.
             Was the Champion of Trog.
             Slain by a cacodemon (11 damage)
             ... on level 3 of the Abyss.
             The game lasted 02:38:20 (15645 turns).

Nero4983 the Impaler (Minotaur Berserker)          Turns: 15645, Time: 02:38:21

Health: -1/181     AC: 21    Str: 25      XL:     14   Next: 52%
Magic:  13/13      EV: 16    Int:  0 (4)  God:    Trog [******]
Gold:   439        SH:  0    Dex: 14      Spells: 13/13 levels left

rFire   . . .      SeeInvis .    H - +8 halberd of Honkiax {flame, Will++ Int-3}
rCold   . . .      Faith    +    (shield currently unavailable)
rNeg    . . .      Spirit   .    F - +1 plate armour
rPois   .          Reflect  .    w - +2 hat
rElec   +          Harm     .    G - +0 cloak
rCorr   .          Rampage  .    B - +0 pair of gloves
Will    ++...                    M - +0 pair of boots Stlth
                                 r - amulet of faith
HPRegen 0.50/turn                y - ring "Fonuf" {Will- AC+4 Str+2 Int+3 Stlth+}
MPRegen 0.13/turn                J - +5 ring of evasion

@: berserking (expiring), slowed, lost intelligence, unable to read
A: horns 2, retaliatory headbutt, deformed body, frail 1, screaming 2,
electricity resistance
a: Renounce Religion, Berserk, Trog's Hand, Brothers in Arms


You were on level 3 of the Abyss.
You worshipped Trog.
Trog was exalted by your worship.
You visited 3 branches of the dungeon, and saw 15 of its levels.
You visited the Abyss 1 time.
You also visited: Gauntlet.

You collected 1132 gold pieces.
You spent 693 gold pieces at shops.

Inventory:

Hand Weapons
 g - the +6 demon whip of the Threshing Salmon {flame, Dex+3}
   (You acquired it on level 9 of the Dungeon)

   Dex:       It affects your dexterity (+3).
 x - a +0 shortbow
 E - a +2 spear of flaming
 H - the +8 halberd of Honkiax (weapon) {flame, Will++ Int-3}
   (Trog gifted it to you on level 11 of the Dungeon)

   Int:       It affects your intelligence (-3).
   Will:      It greatly increases your willpower.
 O - a +1 antimagic short sword
 P - a +4 demon trident
 Q - a +2 dire flail of protection
 R - a +0 dire flail of holy wrath
 S - a +5 antimagic trident
 T - a +8 heavy glaive
Missiles
 b - 41 poisoned darts
 d - 57 stones (quivered)
 v - 12 boomerangs
 A - a throwing net
 D - 13 silver javelins
Armour
 l - a +0 tower shield
 w - a +2 hat (worn)
 B - a +0 pair of gloves (worn)
 F - a +1 plate armour (worn)
 G - a +0 cloak (worn)
 M - a +0 pair of boots (worn)
Jewellery
 h - a ring of fire
 j - the ring of Varymak {Contam rPois rN+++ EV+5 Str-2}
   (You found it on level 2 of the Dungeon)

   [ring of evasion]

   EV:        It affects your evasion (+5).
   Str:       It affects your strength (-2).
   rPois:     It protects you from poison.
   rN:        It renders you almost immune to negative energy.
   Contam:    It causes magical contamination when unequipped.
 r - an amulet of faith (around neck)
 y - the ring "Fonuf" (left hand) {Will- AC+4 Str+2 Int+3 Stlth+}
   (You found it in a Gauntlet)

   [ring of protection]

   AC:        It affects your AC (+4).
   Str:       It affects your strength (+2).
   Int:       It affects your intelligence (+3).
   Will:      It decreases your willpower.
   Stlth:     It makes you more stealthy.
 C - a ring of protection from fire
 J - a +5 ring of evasion (right hand)
Wands
 t - a wand of flame (6)
 u - a wand of paralysis (11)
 I - a wand of digging (4)
 L - a wand of roots (3)
Scrolls
 e - 2 scrolls of fog
 i - 7 scrolls of teleportation
 m - 5 scrolls of fear
 p - 3 scrolls of poison
 q - 5 scrolls of magic mapping
 z - a scroll of torment
 N - 2 scrolls of identify
Potions
 a - 7 potions of curing
 c - 2 potions of attraction
 f - a potion of berserk rage
 n - 2 potions of might
 o - a potion of haste
 s - 5 potions of flight
 K - 3 potions of heal wounds
Miscellaneous
 k - a lightning rod (4/4)


   Skills:
 * Level 15.5 Fighting
 - Level 9.2 Maces & Flails
 - Level 16.0 Polearms
 - Level 6.0 Throwing
 * Level 11.8 Armour
 * Level 10.0 Dodging
 - Level 10.6 Shields
 + Level 0.3 Evocations


You had 13 spell levels left.
You didn't know any spells.
Your spell library contained the following spells:

 Spells                   Type           Power      Damage    Failure   Level
 Magic Dart               Conj           0%         1d3       100%        1
 Call Imp                 Summ           0%         N/A       100%        2
 Mephitic Cloud           Conj/Pois/Air  0%         N/A       100%        3
 Portal Projectile        Hex/Tloc       0%         N/A       100%        3
 Tukima's Dance           Hex            0%         N/A       100%        3
 Animate Armour           Summ/Erth      0%         N/A       100%        4
 Summon Ice Beast         Ice/Summ       0%         N/A       100%        4
 Summon Lightning Spire   Summ/Air       0%         N/A       100%        4
 Blade Hands              Tmut           0%         N/A       100%        5
 Summon Mana Viper        Hex/Summ       0%         N/A       100%        5
 Iron Shot                Conj/Erth      0%         9d1       100%        6


Dungeon Overview and Level Annotations

Branches:
Dungeon (12/15)            Temple (0/1) D:5             Orc (2/2) D:12
    Elf (1/3) Orc:2       Gauntlet (visited)
   Lair: D:8-11

Altars:
Ashenzari
Cheibriados
Dithmenos
Fedhas
Gozag
Hepliaklqana
Makhleb
Nemelex Xobeh
Okawaru
Qazlal
Ru
Trog
Vehumet
Xom
Zin
The Shining One

Shops:
D:1 :   D:11 *   D:12 !   Orc:2 !((:*   Elf:1 =

Portals:
Trove: D:12 (give 18 potions of curing)


Innate Abilities, Weirdness & Mutations

You have a pair of horns on your head.
You reflexively headbutt those who attack you in melee.
Armour fits poorly on your strangely shaped body.
You are frail. (-10% HP)
You frequently scream uncontrollably at your foes.
You are resistant to electric shocks. (rElec)


Message History

The tentacled monstrosity tentacle-slaps you but does no damage.
The tentacled monstrosity misses you.
The tentacled monstrosity constricts you.
* * * LOW HITPOINT WARNING * * *
Okay, then.
You barely miss the tentacled monstrosity.
The tentacled monstrosity is heavily wounded.
The cacodemon hits you but does no damage. x2
The tentacled monstrosity tentacle-slaps you!
* * * LOW HITPOINT WARNING * * *
The tentacled monstrosity tentacle-slaps you.
* * * LOW HITPOINT WARNING * * *
The tentacled monstrosity tentacle-slaps you but does no damage.
The tentacled monstrosity constricts you!
* * * LOW HITPOINT WARNING * * *
You are too berserk!
You impale the tentacled monstrosity!! You burn the tentacled monstrosity.
You headbutt the tentacled monstrosity!
The tentacled monstrosity is almost dead.
The cacodemon gestures at you.
You feel yourself slow down.
You spit the tentacled monstrosity like a pig!!!
You burn the tentacled monstrosity.
You kill the tentacled monstrosity!
Trog accepts your kill.
You feel your intelligence returning.
You slice the cacodemon!! You burn the cacodemon!
The cacodemon is moderately wounded.
The cacodemon hits you but does no damage. x2
You slash the cacodemon! You burn the cacodemon. You headbutt the cacodemon.
The cacodemon is severely wounded.
The iron imp hits you but does no damage.
The cacodemon barely misses you. You furiously retaliate!
You headbutt the cacodemon! The cacodemon closely misses you.
You barely miss the cacodemon. You headbutt the cacodemon!
The cacodemon is severely wounded.
You closely miss the cacodemon.
The cacodemon is severely wounded.
The cacodemon hits you!
You die...

# # #. #.
# .## . .
.# # #
....
....## ..
# ..# #
#..# #.
..#.. .
...#.. .
... ##.† #
#...#5###.
.# #
#...@2# .
# #.
#...### .
. ##..
.... ..
##... .
.#.. ...#.
#. #..


You could see a cacodemon and an iron imp.

Vanquished Creatures
  Jorgrun (Orc:1)
  A tentacled monstrosity (Abyss:3)
  Gastronok (D:8)
  2 tentacled starspawn (Abyss:3)
  4 very ugly things (Abyss:3)
  A deep elf demonologist (Elf:1)
  A minotaur (Gauntlet)
  An ettin (Orc:2)
  2 ogre magi (Orc:2)
  12 two-headed ogres
  2 thrashing horrors (Abyss:3)
  A deep elf knight (Elf:1)
  2 glowing orange brains (Abyss:3)
  A shadow wraith (Abyss:3)
  2 deep trolls (Orc:2)
  A deep elf archer (Elf:1)
  Pikel (D:6)
  13 deep elf zephyrmancers (Elf:1)
  An obsidian statue (Gauntlet)
  2 ugly things
  2 manticores (Elf:1)
  3 deep elf pyromancers (Elf:1)
  2 cyclopes (Orc:2)
  2 orc sorcerers (Orc:2)
  An iron dragon skeleton (Abyss:3)
  3 orange demons (Elf:1)
  A rust devil (Abyss:3)
  A smoke demon (Gauntlet)
  A demonic crawler (Abyss:3)
  A gargoyle (D:11)
  2 unseen horrors (D:12)
  Maggie (D:6)
  2 kobold demonologists (D:12)
  A red devil (Gauntlet)
  3 ancient zymes (Abyss:3)
  13 trolls
  A harpy zombie (Abyss:3)
  A large abomination (Abyss:3)
  A hornet (D:9)
  2 shadows (Gauntlet)
  A jumping spider (shapeshifter) (Abyss:3)
  A wyvern (D:10)
  3 wraiths
  7 slime creatures (D:12)
  2 vampires
  8 flying skulls (Abyss:3)
  A water elemental (Elf:1)
  2 air elementals (Elf:1)
  A ynoxinul (Abyss:3)
  2 fire elementals (Elf:1)
  25 yaks
  2 steam dragons
  A chaos spawn (Abyss:3)
  A neqoxec (Abyss:3)
  3 wargs
  Menkaure (D:6)
  An acid dragon (D:10)
  2 small abominations (Abyss:3)
  11 orc warriors
  2 sky beasts
  2 black bears
  2 ice beasts (D:7)
  23 ogres
  3 centaurs
  2 lemures (D:6)
  6 kobold brigands
  3 necrophages
  6 scorpions
  4 gnoll sergeants
  9 wights
  8 killer bees
  2 crimson imps (Gauntlet)
  6 howler monkeys
  A hound (D:6)
  2 jellies
  9 orc priests
  An iron imp (Abyss:3)
  Jessica (D:3)
  4 iguanas
  20 orc wizards
  A hound skeleton (D:4)
  11 adders
  15 gnolls
  An ufetubus (D:6)
  A worm (D:2)
  A dart slug (D:9)
  49 orcs
  3 endoplasms
  4 giant cockroaches
  5 goblins
  6 hobgoblins
  3 jackals (D:3)
  3 quokkas
  7 ball pythons
  3 bats
  A frilled lizard (D:2)
  29 kobolds
  7 rats
437 creatures vanquished.

Vanquished Creatures (others)
  A centaur (D:9)
  A plant (Gauntlet)
  6 starspawn tentacles (Abyss:3)
8 creatures vanquished.

Grand Total: 445 creatures vanquished

Notes
Turn   | Place    | Note
-------+----------+-------------------------------------------
     0 | D:1      | Nero4983 the Minotaur Berserker began the quest for the
                  | Orb.
     0 | D:1      | Reached XP level 1. HP: 19/19 MP: 0/0
    87 | D:1      | Found Raurghil's Vocational Training.
   408 | D:1      | Found a faded altar of an unknown god.
   524 | D:1      | Reached skill level 4 in Polearms
   524 | D:1      | Reached XP level 2. HP: 13/27 MP: 1/1
   814 | D:2      | Identified the ring of Varymak {Contam rPois rN+++ EV+5
                  | Str-2}
  1064 | D:2      | Reached XP level 3. HP: 33/33 MP: 2/2
  1576 | D:3      | Noticed Jessica
  1587 | D:3      | Reached * piety under Trog
  1593 | D:3      | Killed Jessica
  1594 | D:3      | Reached skill level 5 in Polearms
  1594 | D:3      | Reached XP level 4. HP: 29/41 MP: 3/3
  2399 | D:4      | Noticed a yak
  2399 | D:4      | Noticed a yak
  2402 | D:4      | Noticed a yak
  2402 | D:4      | Noticed a yak
  2404 | D:4      | Killed a yak
  2405 | D:4      | Reached skill level 5 in Fighting
  2405 | D:4      | Reached skill level 6 in Polearms
  2405 | D:4      | Reached XP level 5. HP: 48/48 MP: 4/4
  2405 | D:4      | Reached XP level 6. HP: 56/56 MP: 5/5
  2409 | D:4      | Noticed a yak
  2410 | D:4      | Killed a yak
  2417 | D:4      | Killed a yak
  2418 | D:4      | Reached skill level 7 in Polearms
  2418 | D:4      | Reached XP level 7. HP: 61/61 MP: 6/6
  2432 | D:3      | Gained mutation: You sometimes lose your temper in combat.
                  | [potion of mutation]
  2432 | D:3      | Gained mutation: You are weak. (Str -2) [potion of
                  | mutation]
  2432 | D:3      | Gained mutation: You have a pair of large horns on your
                  | head. [potion of mutation]
  2457 | D:3      | Killed a yak
  2461 | D:3      | Killed a yak
  2462 | D:3      | Reached skill level 8 in Polearms
  2681 | D:4      | Found a broken altar of Ashenzari.
  2688 | D:4      | Found a glowing silver altar of Zin.
  2757 | D:4      | Found a sparkling altar of Nemelex Xobeh.
  2762 | D:4      | Found an opulent altar of Gozag.
  2852 | D:4      | Found a blossoming altar of Fedhas.
  3125 | D:4      | Reached ** piety under Trog
  3166 | D:4      | Identified the +1 helmet of Decaying Miracles {rN+ Str+2}
  3357 | D:4      | Found a burning altar of Makhleb.
  3591 | D:5      | Entered Level 5 of the Dungeon
  3619 | D:5      | Reached skill level 5 in Armour
  3619 | D:5      | Reached XP level 8. HP: 70/70 MP: 7/7
  3748 | D:5      | Reached skill level 5 in Shields
  4224 | D:5      | Reached skill level 9 in Polearms
  4318 | D:5      | Found a staircase to the Ecumenical Temple.
  4319 | D:5      | Upgraded the game from 0.30-a0-748-ge6a52f7cba to
                  | 0.30-a0-757-ga6a79fd877
  4658 | D:6      | Noticed Pikel
  4686 | D:6      | Killed Pikel
  4687 | D:6      | Reached XP level 9. HP: 78/78 MP: 8/8
  4749 | D:6      | Found a sacrificial altar of Ru.
  4874 | D:6      | Reached *** piety under Trog
  4950 | D:6      | Reached skill level 1 in Maces & Flails
  4950 | D:6      | Reached skill level 10 in Polearms
  5316 | D:6      | Noticed Maggie
  5331 | D:6      | Killed Maggie
  5415 | D:6      | Lost mutation: You are weak. (Str -2) [potion of mutation]
  5415 | D:6      | Lost mutation: You have a pair of large horns on your head.
                  | [potion of mutation]
  5415 | D:6      | Lost mutation: You sometimes lose your temper in combat.
                  | [potion of mutation]
  5415 | D:6      | Gained mutation: Your mind is acute. (Int +4, Str/Dex -1)
                  | [potion of mutation]
  5415 | D:6      | Gained mutation: You are agile. (Dex +4, Str/Int -1)
                  | [potion of mutation]
  5571 | D:6      | Noticed Menkaure
  5577 | D:6      | Killed Menkaure
  5965 | D:7      | Found a shimmering altar of Xom.
  6206 | D:7      | Reached skill level 1 in Throwing
  6655 | D:7      | Reached **** piety under Trog
  6659 | D:7      | Reached XP level 10. HP: 86/86 MP: 9/9
  6702 | D:7      | Found a shadowy altar of Dithmenos.
  6703 | D:7      | Found a hazy altar of Hepliaklqana.
  6874 | D:8      | Noticed Gastronok
  6893 | D:8      | Killed Gastronok
  6894 | D:8      | Reached skill level 5 in Maces & Flails
  6894 | D:8      | Reached skill level 10 in Shields
  7003 | D:9      | HP: 4/88 [yak (13)]
  7275 | D:9      | Identified a scroll of acquirement
  7275 | D:9      | Acquired the +6 demon whip of the Threshing Salmon {flame,
                  | Dex+3}
  7356 | D:9      | Reached skill level 5 in Dodging
  7487 | D:9      | Found a stormy altar of Qazlal.
  7789 | D:9      | Noticed a two-headed ogre
  7801 | D:9      | Killed a two-headed ogre
  7802 | D:9      | Reached XP level 11. HP: 72/97 MP: 10/10
  7948 | D:9      | Found a radiant altar of Vehumet.
  7970 | D:9      | Found a snail-covered altar of Cheibriados.
  8131 | D:9      | Reached ***** piety under Trog
  8233 | D:10     | Entered Level 10 of the Dungeon
  8409 | D:10     | Noticed a two-headed ogre
  8418 | D:10     | Killed a two-headed ogre
  8696 | D:10     | Found a glowing golden altar of the Shining One.
  9416 | D:11     | Identified the +8 halberd of Honkiax {flame, Will++ Int-3}
                  | (Trog gifted it to you on level 11 of the Dungeon)
  9416 | D:11     | Received a gift from Trog
  9717 | D:11     | Found Teic's Assorted Antiques.
  9732 | D:11     | Bought a potion of haste for 190 gold pieces
  9732 | D:11     | Bought a scroll of identify for 38 gold pieces
  9732 | D:11     | Bought a runed coral ring for 95 gold pieces
  9732 | D:11     | Bought a puce potion for 17 gold pieces
  9732 | D:11     | Bought a fizzy black potion for 17 gold pieces
  9765 | D:11     | Noticed a two-headed ogre
  9776 | D:11     | Killed a two-headed ogre
  9777 | D:11     | Reached skill level 10 in Fighting
 10518 | D:12     | Found Jayd Zej's Distillery.
 10626 | D:12     | Bought a potion of might for 52 gold pieces
 10626 | D:12     | Bought a potion of flight for 39 gold pieces
 10626 | D:12     | Bought a potion of curing for 39 gold pieces
 10626 | D:12     | Bought a potion of curing for 39 gold pieces
 10626 | D:12     | Bought a potion of curing for 39 gold pieces
 10646 | D:12     | Noticed a red ugly thing
 10652 | D:12     | Killed a red ugly thing
 10653 | D:12     | Reached skill level 11 in Polearms
 10680 | D:12     | Found a staircase to the Orcish Mines.
 10779 | D:12     | Reached XP level 12. HP: 86/108 MP: 11/11
 10907 | D:12     | Found a portal to a secret trove of treasure.
 10982 | D:12     | Found a gate leading to a gauntlet.
 10993 | Gauntlet | Entered a Gauntlet
 10993 | Gauntlet | Found a transporter.
 10997 | Gauntlet | Found a transporter.
 11000 | Gauntlet | Found a transporter.
 11011 | Gauntlet | Found a transporter.
 11012 | Gauntlet | Found a transporter.
 11021 | Gauntlet | Found a transporter.
 11037 | Gauntlet | Found a transporter.
 11047 | Gauntlet | Found a transporter.
 11065 | Gauntlet | Found a transporter.
 11068 | Gauntlet | Found a transporter.
 11068 | Gauntlet | Found a runed translucent door.
 11074 | Gauntlet | Found a runed translucent door.
 11075 | Gauntlet | Found a transporter.
 11076 | Gauntlet | Found a transporter.
 11076 | Gauntlet | Found a runed translucent door.
 11106 | Gauntlet | Found a transporter.
 11121 | Gauntlet | Found a transporter.
 11498 | Gauntlet | Reached skill level 12 in Polearms
 11532 | Gauntlet | Identified the ring "Fonuf" {Will- AC+4 Str+2 Int+3 Stlth+}
 11548 | Gauntlet | Noticed a minotaur
 11561 | Gauntlet | Killed a minotaur
 11756 | D:12     | Noticed a two-headed ogre
 11762 | D:12     | Killed a two-headed ogre
 11994 | D:12     | Lost mutation: Your mind is acute. (Int +4, Str/Dex -1)
                  | [potion of mutation]
 11994 | D:12     | Lost mutation: You are agile. (Dex +4, Str/Int -1) [potion
                  | of mutation]
 11994 | D:12     | Gained mutation: You occasionally shout uncontrollably at
                  | your foes. [potion of mutation]
 11994 | D:12     | Gained mutation: You are dopey. (Int -2) [potion of
                  | mutation]
 11994 | D:12     | Gained mutation: Your system is resistant to poisons.
                  | (rPois) [potion of mutation]
 12245 | Orc:1    | Entered Level 1 of the Orcish Mines
 12245 | Orc:1    | Noticed Jorgrun
 12259 | Orc:1    | Killed Jorgrun
 12260 | Orc:1    | Reached skill level 13 in Polearms
 12379 | Orc:1    | Found a bloodstained altar of Trog.
 12495 | Orc:2    | Entered Level 2 of the Orcish Mines
 12543 | Orc:2    | Noticed a two-headed ogre
 12547 | Orc:2    | Noticed an ogre mage
 12559 | Orc:2    | Killed a two-headed ogre
 12568 | Orc:2    | Noticed a two-headed ogre
 12570 | Orc:2    | Killed an ogre mage
 12573 | Orc:2    | Noticed a two-headed ogre
 12575 | Orc:2    | Killed a two-headed ogre
 12584 | Orc:2    | Killed a two-headed ogre
 12603 | Orc:2    | Reached skill level 14 in Polearms
 12615 | Orc:2    | Noticed a two-headed ogre
 12625 | Orc:2    | Killed a two-headed ogre
 12647 | Orc:2    | Noticed a two-headed ogre
 12657 | Orc:2    | Killed a two-headed ogre
 12657 | Orc:2    | Received a gift from Trog
 12658 | Orc:2    | Reached XP level 13. HP: 98/118 MP: 12/12
 12793 | Orc:2    | Found a staircase to the Elven Halls.
 12804 | Orc:2    | Found Pisu's Assorted Antiques.
 12810 | Orc:2    | Found Afupp's Book Shoppe.
 12815 | Orc:2    | Found Xuimil's Weapon Boutique.
 12816 | Orc:2    | Found Mifroopu's Weapon Shop.
 12838 | Orc:2    | Reached skill level 5 in Throwing
 12841 | Orc:2    | Noticed an ettin
 12856 | Orc:2    | Killed an ettin
 12857 | Orc:2    | Reached skill level 15 in Polearms
 13909 | Orc:2    | Found Zovig's Distillery.
 13914 | Orc:2    | Bought a potion of mutation for 128 gold pieces
 13914 | Orc:2    | Lost mutation: You are dopey. (Int -2) [potion of mutation]
 13914 | Orc:2    | Lost mutation: Your system is resistant to poisons. (rPois)
                  | [potion of mutation]
 13914 | Orc:2    | Gained mutation: You are resistant to electric shocks.
                  | (rElec) [potion of mutation]
 13947 | Orc:2    | Found an iron altar of Okawaru.
 13996 | Elf:1    | Entered Level 1 of the Elven Halls
 14270 | Elf:1    | Reached skill level 16 in Polearms
 14353 | Elf:1    | Found Anwue's Jewellery Shop.
 14511 | Elf:1    | Reached ****** piety under Trog
 14517 | Elf:1    | Reached skill level 10 in Armour
 14531 | Elf:1    | Received a gift from Trog
 14566 | Elf:1    | Noticed a deep elf demonologist
 14749 | Elf:1    | Killed a deep elf demonologist
 14845 | Elf:1    | Reached XP level 14. HP: 121/130 MP: 4/13
 14992 | Elf:1    | Got Zoimis's Quarto of the Flock
 15137 | Elf:1    | Noticed a deep elf sorcerer
 15141 | Elf:1    | Paralysed by an air elemental for 1 turns
 15141 | Abyss:3  | Cast into level 3 of the Abyss (a deep elf sorcerer)
 15172 | Abyss:3  | Noticed a brown very ugly thing
 15173 | Abyss:3  | Noticed a brown very ugly thing
 15173 | Abyss:3  | Noticed a brown very ugly thing
 15175 | Abyss:3  | Noticed a brown very ugly thing
 15184 | Abyss:3  | Killed a green very ugly thing
 15190 | Abyss:3  | Killed a brown very ugly thing
 15203 | Abyss:3  | Killed a green very ugly thing
 15207 | Abyss:3  | Killed a white very ugly thing
 15447 | Abyss:3  | Noticed a tentacled starspawn
 15457 | Abyss:3  | Killed a tentacled starspawn
 15458 | Abyss:3  | Reached skill level 15 in Fighting
 15538 | Abyss:3  | Received a gift from Trog
 15588 | Abyss:3  | Noticed a tentacled starspawn
 15595 | Abyss:3  | Gained mutation: You frequently scream uncontrollably at
                  | your foes. [a neqoxec]
 15597 | Abyss:3  | Lost intelligence.
 15601 | Abyss:3  | Gained mutation: You are frail. (-10% HP) [a neqoxec]
 15627 | Abyss:3  | Noticed a cacodemon
 15631 | Abyss:3  | Noticed a tentacled monstrosity
 15634 | Abyss:3  | Killed a tentacled starspawn
 15635 | Abyss:3  | Reached skill level 10 in Dodging
 15637 | Abyss:3  | Gained mutation: Armour fits poorly on your strangely
                  | shaped body. [a cacodemon]
 15639 | Abyss:3  | HP: 8/181 [constriction (7)]
 15641 | Abyss:3  | Killed a tentacled monstrosity
 15645 | Abyss:3  | Slain by a cacodemon

Illustrated notes

Levels and vault maps discovered:
D:1:      pf_arrival_petrified_forest, layout_loops_cross,
          ebering_ecumenical_altar_box, nicolae_shop_vocational
D:2:      minmay_razor_zed, layout_basic
D:3:      layout_loops_corners, uniq_jessica
D:4:      layout_basic, kennysheep_mini, minitemple,
          makhleb_blood_cavern_becter, serial_glass, glass_columns_a,
          glass_columns_a, glass_columns_a, glass_columns_a, st_stairs_4,
          minmay_unequal
D:5:      layout_loops_ring, temple_doors_e
D:6:      layout_basic, mainiacjoe_overflow_concentric_impassable, uniq_pikel,
          uniq_menkaure, uniq_maggie
D:7:      layout_basic, riverfiend_overflow_shadow_ancestor, xom_butterflies,
          grunt_ministairs_2, corexii_item_surrounded_by_moat
D:8:      layout_rooms, erik_lair_dragon, ebering_dispersal_statue_hall,
          uniq_gastronok, uniq_prince_ribbit1, uniq_grum
D:9:      layout_loops_ring, mainiacjoe_overflow_small_starburst,
          grunt_qazlal_clouds, kennysheep_slug_shrine, kennysheep_generic_room_6
D:10:     minmay_flawed_box, layout_stronghold, mainiacjoe_overflow_paths
D:11:     layout_layer_cave, serial_shops, nicolae_shop_window_shopping
D:12:     layout_loops_cross, orc_0_dummy, nicolae_trove_entry_crossroad,
          serial_shops, nicolae_diamond_shop, gauntlet_entry_generic,
          minmay_misc_feat_square
Orc:1:    layout_caves, basic_altar, kennysheep_orc_sif_temple, uniq_jorgrun
Orc:2:    st_orc_open, layout_caves, serial_shops, shop,
          david_defended_altar_orc
Elf:1:    eino_elf_arrival_shootout, layout_loops_corners, serial_shops,
          nicolae_square_shop, minmay_elf_demonology, einodemon_barbed_minivault
Abyss:3:  base: Vaults:2, evilmike_abyss_exit_glass

Skill      XL: |  1  2  3  4  5  6  7  8  9 10 11 12 13 14 |
---------------+-------------------------------------------+-----
Polearms       | 4 5 6 7 8 9 10 11 14 16 | 16.0
Fighting       | 4 5 6 7 9 10 12 13 15 | 15.5
Armour         | 3 5 6 7 8 9 10 11 | 11.8
Shields        | 2 3 4 7 9 10 | 10.6
Dodging        | 3 4 5 7 8 9 10 | 10.0
Maces & Flails | 3 7 9 |  9.2
Throwing       | 1 3 4 6 |  6.0
Evocations     | |  0.3

Action                     |  1- 3 |  4- 6 |  7- 9 | 10-12 | 13-15 || total
---------------------------+-------+-------+-------+-------+-------++-------
  Melee: Spear             |    22 |       |       |       |       ||    22
         Headbutt          |     6 |     4 |    72 |   104 |    80 ||   266
         Trident           |    66 |    53 |   196 |       |    56 ||   371
         Whip              |       |       |   146 |    52 |       ||   198
         Demon whip        |       |       |       |   177 |       ||   177
         Halberd           |       |       |       |   257 |   402 ||   659
         Punch             |       |       |       |       |     1 ||     1
  Throw: Stone             |     4 |       |       |     2 |    17 ||    23
         Dart              |       |       |     9 |     5 |     5 ||    19
         Throwing net      |       |       |       |     3 |       ||     3
 Invoke: Berserk           |       |     2 |     5 |     8 |     5 ||    20
         Trog's Hand       |       |       |     3 |       |     1 ||     4
  Evoke: Wand              |       |       |       |     5 |     2 ||     7
    Use: Scroll            |       |     8 |     4 |    13 |     1 ||    26
         Potion            |       |       |    14 |     5 |     3 ||    22
   Stab: Invisible         |       |       |     5 |       |       ||     5
 Armour: Scale mail        |    16 |       |       |       |       ||    16
         Chain mail        |       |    12 |    80 |       |       ||    92
         Skin              |       |       |    30 |       |       ||    30
         Plate armour      |       |       |       |   108 |   149 ||   257
  Dodge: Dodged            |    38 |    13 |   101 |   141 |   193 ||   486
  Block: Tower shield      |       |    12 |   284 |   165 |       ||   461

Table legend: (Time is in decaauts)
 A = Elapsed time spent in this place.
 B = Non-inter-level travel time spent in this place.
 C = Inter-level travel time spent in this place.
 D = Time resting spent in this place.
 E = Time spent auto-exploring this place.
 F = Levels seen in this place.
 G = Mean time per level.
                   A        B        C        D        E       F      G
               +--------+--------+--------+--------+--------+-----+--------+
         Total |  15756 |  15646 |    110 |   3264 |   8457 |  17 |  926.8 |
       Dungeon |  11776 |  11666 |    110 |   2202 |   6744 |  12 |  981.3 |
  Orcish Mines |   1714 |   1714 |      0 |    520 |    740 |   2 |  857.0 |
   Elven Halls |   1112 |   1112 |      0 |    336 |    524 |   1 | 1112.0 |
         Abyss |    461 |    461 |      0 |    115 |    171 |   1 |  461.0 |
      Gauntlet |    692 |    692 |      0 |     90 |    278 |   1 |  692.0 |
               +--------+--------+--------+--------+--------+-----+--------+

Top non-repeatable levels by time:
   Orc:2: 1468 daAuts
     D:6: 1319 daAuts
     D:9: 1258 daAuts
    D:10: 1152 daAuts
    D:11: 1143 daAuts
     D:3: 1129 daAuts
   Elf:1: 1112 daAuts
     D:5: 1082 daAuts
     D:4: 1058 daAuts
    D:12: 1046 daAuts
     D:7: 991 daAuts
     D:1: 776 daAuts
Gauntlet: 692 daAuts
     D:2: 678 daAuts
 Abyss:3: 461 daAuts
